 Dungeon Crawl Stone Soup version 0.24.0-5-g267a8d59f4 (webtiles) character file.

Game seed: 16253712085704664303, levelgen mode: deterministic

25 Esekla the Vexing (level 2, -2/19 HPs)
             Began as a Demonspawn Enchanter on Nov 1, 2019.
             Slain by a worm (4 damage)
             ... on level 2 of the Dungeon.
             The game lasted 00:02:26 (542 turns).

Esekla the Vexing (Demonspawn Enchanter)             Turns: 542, Time: 00:02:26

Health: -2/19      AC:  2    Str:  8    XL:     2   Next: 82%
Magic:  5/5        EV: 12    Int: 16    God:
Gold:   58         SH:  0    Dex: 13    Spells: 4/5 levels left

rFire    . . .     SeeInvis .   a - +1 dagger
rCold    . . .     Gourm    .   (no shield)
rNeg     . . .     Faith    .   b - +0 robe
rPois    .         Spirit   .   (helmet restricted)
rElec    .         Reflect  .   (no cloak)
rCorr    .         Harm     .   (no gloves)
MR       .....                  (no boots)
Stlth    ++........             (no amulet)
HPRegen  0.06/turn              (no ring)
MPRegen  0.09/turn              (no ring)

@: no status effects
A: horns 1
a: no special abilities


You were on level 2 of the Dungeon.
You were not hungry.

You visited 1 branch of the dungeon, and saw 2 of its levels.

You collected 58 gold pieces.

Inventory:

Hand Weapons
 a - a +1 dagger (weapon)
Armour
 b - a +0 robe (worn)
Scrolls
 c - 3 scrolls of teleportation {unknown}
 e - a scroll of fear {unknown}
 g - a scroll of enchant armour {unknown}
Potions
 f - a potion of heal wounds {unknown}
 h - a potion of curing {unknown}
Comestibles
 d - a ration


   Skills:
 + Level 0.3 Fighting
 + Level 1.2 Short Blades
 + Level 2.1 Dodging
 + Level 3.0 Stealth
 + Level 2.3 Spellcasting
 - Level 3.0 Hexes


You had 4 spell levels left.
You knew the following spells:

 Your Spells              Type           Power        Failure   Level  Hunger
a - Corona                Hex            ##.....      6%          1    #......

Your spell library contained the following spells:

 Spells                   Type           Power        Failure   Level  Hunger
 Ensorcelled Hibernation  Hex/Ice        #.....       16%         2    ###....
 Confuse                  Hex            ##......     17%         3    ###....
 Tukima's Dance           Hex            ##......     17%         3    ###....
 Dazzling Spray           Conj/Hex       #.....       32%         3    ###....


Dungeon Overview and Level Annotations

Branches:
Dungeon (2/15)

Altars:

Annotations:
D:2 Robin


Innate Abilities, Weirdness & Mutations

You have a pair of small horns on your head.


Message History

You see here a stone.
The goblin shoots a stone.
The stone hits you but does no damage.
You see here a stone.
A goblin comes into view. It is wielding a +0 club.
You see here 9 gold pieces.
You now have 58 gold pieces (gained 9).
The goblin hits you but does no damage. The goblin closely misses you.
The goblin hits you with a +0 dagger.
* * * LOW HITPOINT WARNING * * *
The goblin hits you with a +0 dagger.
* * * LOW HITPOINT WARNING * * *
The goblin shoots a stone.
The stone hits you but does no damage.
You see here 2 stones.
Robin of the Strong Arm comes into view.
They are wielding a +0 dagger.
You see here a stone.
Robin roars a battlecry!
The goblins go into a battle-frenzy!
You hear a shout!
The goblin shouts!
The worm bites you.
You die...

.....#######.##.#............<..
.....# #)##.#.######.#...#..
.....#######.##.#.######........
..............................>.
#.##########.#....######..#.#..#
#.# #.....#######..#.# #.
#####...#............# #.
#.....###..........### #.....#
#@w.........#
##....g###g#########.#
#...g....gg..# .# #.........g(.#
.. .............g....# #.#
..................# ..
.............g....# ##
......g#####'###### ####... ...


You could see a worm, a hobgoblin (wandering) and 5 goblins.

Vanquished Creatures
  A leopard gecko (D:1)
  2 bats
  6 goblins
  2 hobgoblins (D:1)
  4 jackals (D:1)
  2 kobolds
  3 rats
20 creatures vanquished.

Notes
Turn   | Place    | Note
-------+----------+-------------------------------------------
     0 | D:1      | Esekla the Demonspawn Enchanter began the quest for the
                  | Orb.
     0 | D:1      | Reached XP level 1. HP: 13/13 MP: 3/3
   204 | D:1      | Reached skill level 1 in Short Blades
   212 | D:1      | Gained mutation: You have a pair of small horns on your
                  | head. [demonic ancestry]
   212 | D:1      | Reached XP level 2. HP: 18/19 MP: 5/5
   540 | D:2      | Noticed Robin
   542 | D:2      | Slain by a worm

Levels and vault maps discovered:
D:1:      wander_arrival_desolate, layout_loops_ring
D:2:      layout_basic, fiery_altar_vehumet, uniq_robin, uniq_natasha

Skill      XL: |  1  2 |
---------------+-------+-----
Short Blades   | 1 |  1.2
Dodging        | 2 |  2.1
Stealth        | 3 |  3.0
Fighting       | |  0.3
Spellcasting   | |  2.3
Hexes          | |  3.0

Action                   || total
-------------------------++-------
Melee: Dagger            ||    77
       Headbutt          ||     8
 Stab: Sleeping          ||     4
Armor: Robe              ||    16
Dodge: Dodged            ||    52
